 Dungeon Crawl Stone Soup version 0.25-a0-822-g6581751b11 (webtiles) character file.

Game seed: 3305607797655027024, levelgen mode: deterministic

1821 kae the Grappler (level 8, 0/52 (53) HPs)
             Began as a Green Draconian Transmuter on Apr 20, 2020.
             Was a Follower of Hepliaklqana.
             Slain by a black bear (2 damage)
             ... on level 7 of the Dungeon.
             The game lasted 00:05:03 (5392 turns).

kae the Grappler (Green Draconian Transmuter)       Turns: 5392, Time: 00:05:04

HP:   0/52 (53)     AC: 10    Str: 15    XL:     8   Next: 85%
MP:   16/16         EV: 12    Int: 14    God:    Hepliaklqana [*.....]
Gold: 439           SH:  0    Dex: 11    Spells: 12/18 levels left

rFire    . . .     SeeInvis .   h - +3 hand axe
rCold    . . .     Gourm    .   (no shield)
rNeg     . . .     Faith    .   (armour unavailable)
rPois    +         Spirit   .   (helmet restricted)
rElec    .         Reflect  .   (no cloak)
rCorr    .         Harm     .   v - +0 pair of gloves
MR       .....                  e - +2 pair of boots
Stlth    +.........             i - amulet of regeneration
HPRegen  0.57/turn              (no ring)
MPRegen  0.15/turn              (no ring)

@: no status effects
A: breathe noxious fumes, unfitting armour, reduced essence, poison resistance,
cold-blooded, AC +6
a: Breathe Noxious Fumes, Recall Ancestor, Ancestor Identity, Renounce Religion


You were on level 7 of the Dungeon.
You worshipped Hepliaklqana.
Hepliaklqana was aware of your devotion.
You were not hungry.

You visited 1 branch of the dungeon, and saw 7 of its levels.

You collected 439 gold pieces.

Inventory:

Hand Weapons
 f - a +2 hand axe
 h - a +3 hand axe (weapon)
Missiles
 a - 132 arrows
Armour
 e - a +2 pair of boots (worn)
 v - a +0 pair of gloves (worn)
Jewellery
 i - an amulet of regeneration (around neck)
 p - an uncursed ring of resist corrosion {unknown}
Wands
 d - a wand of polymorph (11)
 u - a wand of flame (25)
Scrolls
 k - 5 scrolls of teleportation
 r - 2 scrolls of remove curse
Potions
 b - 2 potions of haste
 g - 3 potions of curing
 j - a potion of heal wounds
 l - a potion of ambrosia
 m - 3 potions of berserk rage
 n - a potion of lignification
 o - a potion of invisibility
 s - a potion of might
 t - a potion of mutation {unknown}
Comestibles
 c - 13 rations
 q - 4 chunks of flesh


   Skills:
 - Level 1.1 Fighting
 - Level 1.7 Dodging
 * Level 8.7 Unarmed Combat
 + Level 5.5 Spellcasting
 + Level 6.0 Transmutations


You had 12 spell levels left.
You knew the following spells:

 Your Spells              Type           Power        Failure   Level  Hunger
a - Beastly Appendage     Tmut           ###...       1%          1    None
b - Sticks to Snakes      Tmut           ###.....     1%          2    ##.....
c - Spider Form           Tmut/Pois      ##........   14%         3    ###....

Your spell library contained the following spells:

 Spells                   Type           Power        Failure   Level  Hunger
 Magic Dart               Conj           #...         17%         1    None
 Searing Ray              Conj           #.....       26%         2    ##.....
 Blade Hands              Tmut           ###.......   36%         5    ######.
 Ice Form                 Ice/Tmut       ##......     43%         4    ####...
 Dazzling Flash           Conj/Hex       #.....       45%         3    ###....
 Fulminant Prism          Conj/Hex       #.........   86%         4    ####...
 Iskenderun's Mystic Bla  Conj/Tloc      #.......     86%         4    ####...


Dungeon Overview and Level Annotations

Branches:
Dungeon (7/15)
 Temple: D:4-7

Altars:
Cheibriados
Dithmenos
Gozag
Hepliaklqana
Okawaru
Qazlal
Ru
Uskayaw
Zin


Innate Abilities, Weirdness & Mutations

You can breathe blasts of noxious fumes.
Your lurid green scales are hard. (AC +6)
You cannot fit into any form of body armour.
Your system is resistant to poisons. (rPois)
You are cold-blooded and may be slowed by cold attacks.
Your life essence is reduced to manifest your ancestor. (-10% HP)


Message History

You barely miss the black bear.
The black bear growls angrily.
Your tail-slap misses the black bear.
The black bear is almost dead.
The black bear bites you!
* * * LOW HITPOINT WARNING * * *
The black bear claws you.
* * * LOW HITPOINT WARNING * * *
The black bear claws you but does no damage.
The black bear bites you but does no damage.
The black bear closely misses you. The black bear claws you.
* * * LOW HITPOINT WARNING * * *
You barely miss the black bear. You tail-slap the black bear.
The black bear is almost dead.
The black bear bites you.
* * * LOW HITPOINT WARNING * * *
The black bear claws you.
* * * LOW HITPOINT WARNING * * *
The black bear claws you.
You die...

#...............
#.#.####.##.... .
.........#....
.............#..###..#
##. #.........
#.##.###..#
.#..........#.........#
.#.......(....##.####.#
.#..........#....†###.#
...............h@.....#
<#....# #.......######
.#.<..##.>.....#..
.#.................
.>....##.##......#..
.###..# #.#......##
......# #......<..
.##..... ........ .#
... .....


You could see a black bear (berserk).

Vanquished Creatures
  A hornet (D:7)
  A sky beast (D:5)
  An orc warrior (D:6)
  A centaur (D:7)
  An ogre (D:5)
  2 bullfrogs
  4 scorpions
  3 crimson imps (D:5)
  2 orc priests
  An orc wizard (D:6)
  A bullfrog skeleton (D:5)
  3 hounds
  A centaur skeleton (D:6)
  An iguana (D:4)
  3 worker ants
  A killer bee zombie (D:6)
  A hound zombie (D:5)
  A howler monkey skeleton (D:7)
  6 adders
  4 oozes
  3 worms (D:2)
  2 dart slugs
  6 leopard geckos
  20 orcs
  9 bats
  4 giant cockroaches
  5 hobgoblins
  3 jackals (D:1)
  9 kobolds
  A quokka (D:2)
  2 ball pythons (D:5)
  3 frilled lizards
  10 goblins
  A quokka zombie (D:6)
  8 rats
125 creatures vanquished.

Vanquished Creatures (collateral kills)
  A necrophage (D:7)
  2 ogres
  An adder zombie (D:6)
  A worm (D:3)
  A giant cockroach (D:6)
  A kobold (D:7)
7 creatures vanquished.

Vanquished Creatures (others)
  An ancestor (D:7)
1 creature vanquished.

Grand Total: 133 creatures vanquished

Notes
Turn   | Place    | Note
-------+----------+-------------------------------------------
     0 | D:1      | kae the Draconian Transmuter began the quest for the Orb.
     0 | D:1      | Reached XP level 1. HP: 16/16 MP: 3/3
   525 | D:1      | Reached XP level 2. HP: 22/23 MP: 5/5
  1141 | D:2      | Learned a level 2 spell: Sticks to Snakes
  1397 | D:2      | Reached XP level 3. HP: 28/28 MP: 4/6
  1693 | D:2      | Reached skill level 4 in Unarmed Combat
  2419 | D:2      | Reached XP level 4. HP: 35/35 MP: 5/7
  2575 | D:3      | Learned a level 3 spell: Spider Form
  2605 | D:3      | Reached XP level 5. HP: 28/40 MP: 7/9
  2729 | D:3      | Found an opulent altar of Gozag.
  3326 | D:4      | Found a shadowy altar of Dithmenos.
  3355 | D:4      | Reached skill level 5 in Unarmed Combat
  3400 | D:4      | Found a hide-covered altar of Uskayaw.
  3401 | D:4      | Noticed a +0 dagger
  3401 | D:4      | Noticed a +0 hand axe
  3420 | D:4      | Reached XP level 6. HP: 26/47 MP: 4/10
  3885 | D:5      | Entered Level 5 of the Dungeon
  3885 | D:5      | Found a shadowy altar of Dithmenos.
  4004 | D:5      | Noticed a sky beast
  4015 | D:5      | Reached skill level 6 in Unarmed Combat
  4022 | D:5      | Killed a sky beast
  4022 | D:5      | Your scales start taking on a lurid green colour.
  4022 | D:5      | Reached XP level 7. HP: 30/52 MP: 9/12
  4022 | D:5      | Gained mutation: Your system is resistant to poisons.
                  | (rPois) [Green Draconian growth]
  4068 | D:5      | Found a snail-covered altar of Cheibriados.
  4071 | D:5      | Found a glowing silver altar of Zin.
  4071 | D:5      | Found a hazy altar of Hepliaklqana.
  4102 | D:5      | Found an iron altar of Okawaru.
  4103 | D:5      | Found a stormy altar of Qazlal.
  4335 | D:5      | Reached skill level 7 in Unarmed Combat
  4345 | D:5      | Became a worshipper of Hepliaklqana the Forgotten
  4537 | D:6      | Reached skill level 5 in Transmutations
  4537 | D:6      | Reached XP level 8. HP: 46/53 MP: 14/14
  5039 | D:7      | Reached * piety under Hepliaklqana
  5048 | D:7      | Reached skill level 5 in Spellcasting
  5066 | D:7      | Found a sacrificial altar of Ru.
  5260 | D:7      | Reached skill level 8 in Unarmed Combat
  5375 | D:7      | Noticed a hornet
  5387 | D:7      | Killed a hornet
  5392 | D:7      | HP: 2/52 [black bear (2)]
  5392 | D:7      | Slain by a black bear

Levels and vault maps discovered:
D:1:      sevenhm_arrival_forest_fort_large_2, layout_basic, serial_forest,
          infiniplex_forest_straight_2, infiniplex_forest_clump_double,
          infiniplex_forest_clump_diagonal, infiniplex_forest_join,
          infiniplex_forest_lined_corner, infiniplex_forest_clump_curved,
          infiniplex_forest_clump_small, infiniplex_forest_clump_medium,
          hex_medium, minmay_hedge_maze
D:2:      minmay_diamond_boxcup, layout_basic
D:3:      layout_loops_cross, lemuel_crystal_altar
D:4:      layout_basic, dancing_weapons_uskayaw, st_stairs_5,
          nicolae_dithmenos_through_a_glass_darkly
D:5:      layout_rooms, grunt_temple_overflow_open,
          chequers_temple_overflow_statue_of_worship, basic_altar, first_ration
D:6:      layout_basic
D:7:      layout_basic, nicolae_ru_great_annihilating_truth,
          minmay_temple_entry_gardened_gates, grunt_ogre_cave, uniq_pikel

Skill      XL: |  1  2  3  4  5  6  7  8 |
---------------+-------------------------+-----
Unarmed Combat | 4 5 6 7 8 |  8.7
Transmutations | 3 4 5 6 |  6.0
Spellcasting   | 3 4 5 |  5.5
Fighting       | |  1.1
Dodging        | |  1.7

Action                   |  1- 3 |  4- 6 |  7- 9 || total
-------------------------+-------+-------+-------++-------
Melee: Hand axe          |   108 |   145 |   113 ||   366
       Tailslap          |     9 |    15 |    10 ||    34
       Unarmed           |     3 |    33 |    45 ||    81
       Headbutt          |     6 |    14 |     9 ||    29
       Punch             |     1 |     4 |     3 ||     8
 Cast: Beastly Appendage |    22 |    20 |     8 ||    50
       Sticks to Snakes  |     2 |     2 |       ||     4
       Spider Form       |       |     5 |     5 ||    10
 Abil: Breathe Noxious F |       |       |     3 ||     3
  Use: Scroll            |    11 |     5 |     2 ||    18
 Stab: Distracted        |     1 |     1 |     1 ||     3
       Sleeping          |     3 |       |       ||     3
       Confused          |       |       |     1 ||     1
       Paralysed         |       |       |     1 ||     1
  Eat: Chunk             |     5 |     6 |     7 ||    18
Armor: Skin              |    49 |   112 |    78 ||   239
Dodge: Dodged            |    73 |   135 |   114 ||   322

Table legend:
 A = Non-vault XP
 B = Vault XP
 C = Vault XP percentage of total XP
 D = Non-vault monster count
 E = Vault monster count
 F = Vault count percentage of total count
                 A         B        C        D         E       F
            +---------+---------+-------+---------+---------+-------
      Total |    2435 |     167 |   6.4 |     120 |      12 |   9.1
            +---------+---------+-------+---------+---------+-------
        D:1 |      30 |       0 |   0.0 |      19 |       0 |   0.0
        D:2 |      48 |      38 |  44.2 |      13 |       7 |  35.0
        D:3 |     130 |       0 |   0.0 |      30 |       0 |   0.0
        D:4 |     311 |       0 |   0.0 |      21 |       0 |   0.0
        D:5 |     745 |       0 |   0.0 |      17 |       0 |   0.0
        D:6 |     548 |       0 |   0.0 |      15 |       0 |   0.0
        D:7 |     623 |     129 |  17.2 |       5 |       5 |  50.0
            +---------+---------+-------+---------+---------+-------
